 Seeded DCSS version 0.29-a0-1052-g6990b1bffc (webtiles) character file.

Game seed: 1 (custom seed)

7979 Kazon the Carver (level 11, -15/100 HPs)
             Began as a Naga Berserker on Aug 17, 2022.
             Was an Elder of Trog.
             Demolished by OstrichLN's ghost (20 damage)
             ... on level 8 of the Dungeon.
             The game lasted 00:46:27 (5945 turns).

Kazon the Carver (Naga Berserker)                   Turns: 5945, Time: 00:46:27

Health: -15/100    AC: 16    Str: 24    XL:     11   Next: 23%
Magic:  11/11      EV:  9    Int:  7    God:    Trog [****..]
Gold:   311        SH:  0    Dex: 15    Spells: 10/10 levels left

rFire   + . .      SeeInvis +   q - +6 shillelagh "Devastator" {shatter}
rCold   . . .      Faith    .   (no shield)
rNeg    + . .      Spirit   .   E - +0 troll leather armour
rPois   +          Reflect  .   o - +0 helmet
rElec   .          Harm     .   (no cloak)
rCorr   .          Rampage  .   (no gloves)
Will    +++..                   c - +4 barding of Gozag's Outrage {+Inv rF+ rN+ Dex+4}
Stlth   +++.......              s - amulet of regeneration
HPRegen 2.86/turn               I - +4 ring of slaying
MPRegen 0.12/turn               (no ring)

@: lethally poisoned (-15 -> -15), strong-willed, on berserk cooldown,
attractive, regenerating, slowed, studying Maces & Flails, very slow
A: AC +3, large, see invisible, deformed body, poison resistance, slowness 2,
spit poison 1, naga tail 1
a: Spit Poison, Renounce Religion, Evoke Invisibility, Berserk, Trog's Hand,
Brothers in Arms


You were on level 8 of the Dungeon.
You worshipped Trog.
Trog was greatly pleased with you.
You visited 1 branch of the dungeon, and saw 8 of its levels.

You collected 495 gold pieces.
You spent 184 gold pieces at shops.

Inventory:

Hand Weapons
 a - a +0 falchion
 d - the +6 great sword of the Gloaming {distort, rC+ Will+ Dex+4}
   (You took it off an orc on level 8 of the Dungeon)

   It warps and distorts space around it, and may blink, banish, or inflict
   extra damage upon those it strikes.
   Unwielding it can cause banishment or high damage.
   Dex:       It affects your dexterity (+4).
   rC:        It protects you from cold.
   Will:      It increases your willpower.
 e - a +2 morningstar of protection
 q - the +6 shillelagh "Devastator" (weapon) {shatter}
   (You found it on level 6 of the Dungeon)

   It releases a powerful concussive burst when it strikes, dealing extra damage
   to the target and all other foes adjacent to them.
 r - the +3 falchion of Winter {venom, rCorr}
   (You bought it in a shop on level 3 of the Dungeon)

   It poisons the flesh of those it strikes.
   rCorr:     It protects you from acid and corrosion.
Missiles
 h - 42 stones
 l - 8 boomerangs
 A - 3 boomerangs of dispersal
 B - a throwing net
 D - 21 poisoned darts (quivered)
 H - 3 curare-tipped darts
Armour
 c - the +4 barding of Gozag's Outrage (worn) {+Inv rF+ rN+ Dex+4}
   (You acquired it on level 1 of the Dungeon)

   Dex:       It affects your dexterity (+4).
   rF:        It protects you from fire.
   rN:        It protects you from negative energy.
   +Inv:      It lets you turn invisible.
 o - a +0 helmet (worn)
 y - a +2 chain mail of cold resistance
 E - a +0 troll leather armour (worn)
 G - +0 acid dragon scales
Jewellery
 s - an amulet of regeneration (around neck)
 I - a +4 ring of slaying (left hand)
Wands
 b - a wand of flame (8)
 u - a wand of mindburst (12)
Scrolls
 i - a scroll of identify
 k - a scroll of fog {unknown}
 n - 2 scrolls of immolation {unknown}
 p - 2 scrolls of enchant weapon {unknown}
 v - a scroll of blinking {unknown}
 w - a scroll of vulnerability {unknown}
 F - a scroll of teleportation {unknown}
Potions
 f - 2 potions of flight {unknown}
 g - 2 potions of attraction
 j - a potion of haste {unknown}
 m - a potion of berserk rage
 t - 2 potions of ambrosia
 x - 2 potions of heal wounds {unknown}
 z - 2 potions of curing
 C - a potion of mutation


   Skills:
 * Level 7.2 Fighting
 + Level 1.4(5.4) Short Blades
 + Level 8.4 Long Blades
 + Level 6.9 Maces & Flails
 + Level 3.7 Throwing
 + Level 4.5 Armour
 + Level 4.3 Dodging
 + Level 7.0 Stealth
 * Level 7.4 Evocations


You had 10 spell levels left.
You didn't know any spells.
Your spell library was empty.

Dungeon Overview and Level Annotations

Branches:
Dungeon (8/15)             Temple (0/1) D:7
   Lair: D:8-11

Altars:
Elyvilon
Hepliaklqana
Uskayaw

Shops:
D:3 (   D:7 *

Annotations:
D:8 Newt's ghost, novice DsGl; OstrichLN's ghost, novice MiFi; purpskrrrp's ghost, novice MfGl


Innate Abilities, Weirdness & Mutations

Your serpentine skin is tough. (AC +3)
You have supernaturally acute eyesight. (SInv)
Armour fits poorly on your strangely shaped body.
Your system is resistant to poisons. (rPois)
You cover ground very slowly.
You can spit poison.
You have a snake-like lower body.


Message History

Purpskrrrp's ghost stares at you.
OstrichLN's ghost says, "A storm is coming..."
OstrichLN's ghost hits you!!
Newt's ghost hits you but does no damage.
You sock OstrichLN's ghost!
OstrichLN's ghost is moderately damaged. x2
OstrichLN's ghost hits you but does no damage.
Newt's ghost hits you but does no damage.
You are poisoned.
You sock OstrichLN's ghost!
Purpskrrrp's ghost is lightly damaged.
OstrichLN's ghost is heavily damaged.
You feel sick. OstrichLN's ghost hits you!
* * * LOW HITPOINT WARNING * * *
x2 Newt's ghost hits you!
* * * LOW HITPOINT WARNING * * *
You thump OstrichLN's ghost!
OstrichLN's ghost is severely damaged.
Newt's ghost is severely damaged.
OstrichLN's ghost is severely damaged.
You feel sick.
You bludgeon OstrichLN's ghost!!
Newt's ghost is severely damaged.
OstrichLN's ghost is almost destroyed.
You feel sick. OstrichLN's ghost hits you!
* * * LOW HITPOINT WARNING * * *
x2 Newt's ghost hits you.
* * * LOW HITPOINT WARNING * * *
You are no longer berserk.
You are exhausted.
You feel yourself slow down.
You feel sick.
You see here a +0 club.
Your skin crawls.
You feel strong-willed.
You feel sick. OstrichLN's ghost barely misses you.
It was a potion of attraction.
You feel attractive to monsters.
You feel sick. OstrichLN's ghost hits you!
* * * LOW HITPOINT WARNING * * *
x2 OstrichLN's ghost hits you!!
You die...

...# #.# .#.## #.#
.#..# ##### #.#
###.###??8!####
#.#
....##8....#..#
#.#
#.###$....!#..#
#.# ..#
$$....'..## #)#
#.#
8.....'..W###)#
..#
......'..WW@).#
..#
(...[.#..####.####
..####8....#..#
#....#
..#>.##$?8)####
####.# #.##.######
###.# #.##.# #...#
#†##.# #.###
..##.# #.# ..##.#
#.#


You could see Newt's ghost, OstrichLN's ghost and purpskrrrp's ghost.

Vanquished Creatures
  The ghost of Valamore the Severer, a journeyman FoFi of Ru (D:8)
  The ghost of Sobieck the Grappler, a novice TrFi of Cheibriados (D:8)
  An unseen horror (D:8)
  2 gargoyles (D:8)
  Maggie (D:7)
  2 trolls
  A slime creature (D:8)
  Eustachio (D:4)
  5 yaks (D:8)
  A vampire mosquito (D:8)
  Duvessa (D:5)
  A water moccasin (D:4)
  An orc warrior (D:8)
  3 ice beasts
  3 black bears
  5 ogres
  2 centaurs (D:8)
  2 phantoms
  A kobold brigand (D:7)
  7 bullfrogs
  2 necrophages (D:5)
  5 scorpions
  5 wights (D:7)
  Dowan (D:5)
  6 killer bees (D:8)
  2 howler monkeys
  7 hounds
  A jelly (D:6)
  A gnoll bouda (D:8)
  3 orc priests
  4 iguanas
  7 orc wizards
  Natasha (thrice) (D:4)
  11 gnolls
  2 adders (D:2)
  An ufetubus (D:4)
  2 worms
  3 dart slugs
  41 orcs
  7 endoplasms
  A giant cockroach (D:1)
  7 goblins
  12 hobgoblins
  7 jackals
  12 kobolds
  4 quokkas
  5 ball pythons
  2 bats
  4 frilled lizards
  5 rats
215 creatures vanquished.

Notes
Turn   | Place    | Note
-------+----------+-------------------------------------------
     0 | D:1      | Kazon the Naga Berserker began the quest for the Orb.
     0 | D:1      | Reached XP level 1. HP: 21/21 MP: 1/1
   102 | D:1      | Identified a scroll of acquirement
   102 | D:1      | Acquired the +4 barding of Gozag's Outrage {+Inv rF+ rN+
                  | Dex+4}
   155 | D:1      | Reached XP level 2. HP: 28/28 MP: 2/2
   627 | D:2      | Reached XP level 3. HP: 34/34 MP: 3/3
   708 | D:2      | Reached skill level 1 in Stealth
   811 | D:2      | Reached ** piety under Trog
   910 | D:2      | Reached XP level 4. HP: 42/42 MP: 4/4
   950 | D:2      | Reached skill level 4 in Long Blades
  1513 | D:3      | Reached skill level 1 in Evocations
  1575 | D:3      | Found Umat's Antique Weapon Boutique.
  1594 | D:3      | Bought a crude falchion for 184 gold pieces
  1594 | D:3      | Identified the +3 falchion of Winter {venom, rCorr} (You
                  | bought it in a shop on level 3 of the Dungeon)
  1919 | D:4      | Reached XP level 5. HP: 37/49 MP: 5/5
  2030 | D:4      | Noticed an ogre
  2030 | D:4      | Noticed a water moccasin
  2037 | D:4      | Killed a water moccasin
  2038 | D:4      | Reached skill level 1 in Short Blades
  2038 | D:4      | Reached skill level 1 in Throwing
  2038 | D:4      | Reached XP level 6. HP: 54/56 MP: 6/6
  2097 | D:4      | Noticed a black bear
  2105 | D:4      | Killed a black bear
  2127 | D:4      | Reached skill level 5 in Long Blades
  2127 | D:4      | Reached XP level 7. HP: 63/63 MP: 7/7
  2356 | D:4      | Reached *** piety under Trog
  2432 | D:4      | Noticed Natasha
  2435 | D:4      | Killed Natasha
  2585 | D:4      | Noticed Natasha
  2590 | D:4      | Killed Natasha
  2641 | D:4      | Noticed Natasha
  2652 | D:4      | Killed Natasha
  2653 | D:4      | Reached XP level 8. HP: 71/72 MP: 8/8
  2683 | D:4      | Noticed Eustachio
  2702 | D:4      | Killed Eustachio
  2931 | D:4      | Found a hazy altar of Hepliaklqana.
  2954 | D:5      | Entered Level 5 of the Dungeon
  2972 | D:5      | Reached skill level 6 in Long Blades
  3108 | D:5      | Noticed Dowan
  3186 | D:5      | Killed Dowan
  3563 | D:5      | Noticed Duvessa
  3576 | D:5      | Killed Duvessa
  3698 | D:6      | Reached skill level 7 in Long Blades
  3698 | D:6      | Reached XP level 9. HP: 77/80 MP: 9/9
  3725 | D:6      | Reached skill level 5 in Fighting
  3801 | D:6      | Found the +6 shillelagh "Devastator" {shatter}
  3805 | D:6      | Reached **** piety under Trog
  3838 | D:6      | Reached skill level 5 in Stealth
  4215 | D:7      | Found a white marble altar of Elyvilon.
  4225 | D:7      | Reached skill level 8 in Long Blades
  4255 | D:7      | Found a staircase to the Ecumenical Temple.
  4266 | D:7      | Reached skill level 5 in Evocations
  4440 | D:7      | Reached skill level 1 in Maces & Flails
  4737 | D:7      | Noticed Maggie
  4750 | D:7      | Killed Maggie
  4751 | D:7      | Reached XP level 10. HP: 91/91 MP: 10/10
  4891 | D:7      | Found Binerhev's Lightly-Used Armoury.
  4931 | D:7      | Found a hide-covered altar of Uskayaw.
  5170 | D:8      | Found a runed translucent gate.
  5174 | D:8      | Found a runed translucent gate.
  5174 | D:8      | Found a runed translucent gate.
  5177 | D:8      | Noticed purpskrrrp's ghost (novice MfGl)
  5177 | D:8      | Noticed Newt's ghost (novice DsGl)
  5179 | D:8      | Noticed Sobieck's ghost (novice TrFi)
  5179 | D:8      | Noticed Valamore's ghost (journeyman FoFi)
  5179 | D:8      | Noticed OstrichLN's ghost (novice MiFi)
  5463 | D:8      | Noticed a gargoyle
  5470 | D:8      | Killed a gargoyle
  5471 | D:8      | Reached skill level 5 in Maces & Flails
  5474 | D:8      | Identified the +6 great sword of the Gloaming {distort, rC+
                  | Will+ Dex+4}
  5580 | D:8      | Noticed a gargoyle
  5583 | D:8      | Killed a gargoyle
  5668 | D:8      | Reached XP level 11. HP: 73/99 MP: 11/11
  5933 | D:8      | Killed Sobieck's ghost
  5937 | D:8      | Killed Valamore's ghost
  5945 | D:8      | HP: 5/100 [OstrichLN's ghost (1)]
  5945 | D:8      | Demolished by OstrichLN's ghost

Illustrated notes

Levels and vault maps discovered:
D:1:      dpeg_arrival_three_smaller_balls, layout_basic
D:2:      layout_loops_ring
D:3:      layout_basic, serial_shops, nicolae_shop_stone, st_stairs_7
D:4:      minmay_razor_zed, layout_basic, worldfamousw_hep_ancestral_shrine,
          uniq_eustachio, uniq_natasha
D:5:      layout_basic, uniq_duvessa
D:6:      layout_rooms, dilly_guarded_unrand_devastator
D:7:      layout_basic, nicolae_uskayaw_dance_hall,
          mainiacjoe_overflow_six_doors_small,
          minmay_temple_entry_drinking_statues, serial_rivers,
          chequers_serial_rivers_micro_b, chequers_serial_rivers_small_a,
          chequers_serial_rivers_small_a, chequers_serial_rivers_large_a,
          chequers_serial_rivers_micro_a, minmay_shop_damaged, uniq_maggie
D:8:      minmay_tri_box, layout_loops_ring, gammafunk_ghost_cemetery,
          minmay_manual_mares

Skill      XL: |  1  2  3  4  5  6  7  8  9 10 11 |
---------------+----------------------------------+-----
Stealth        | 1 2 3 4 5 6 7 |  7.0
Long Blades    | 4 5 7 8 |  8.4
Dodging        | 2 3 4 |  4.3
Evocations     | 1 2 3 4 5 7 |  7.4
Short Blades   | 1 |  1.4
Throwing       | 1 2 3 |  3.7
Fighting       | 4 6 7 |  7.2
Armour         | 2 3 4 |  4.5
Maces & Flails | 2 6 |  6.9

Action                   |  1- 3 |  4- 6 |  7- 9 | 10-12 || total
-------------------------+-------+-------+-------+-------++-------
Melee: Falchion          |    66 |    37 |   213 |       ||   316
       Dagger            |    11 |    42 |       |       ||    53
       Punch             |       |       |     7 |     1 ||     8
       Shillelagh        |       |       |    42 |    83 ||   125
Throw: Stone             |     7 |    13 |     6 |    12 ||    38
       Dart              |       |     2 |     6 |     7 ||    15
       Boomerang         |       |     2 |     5 |     2 ||     9
Invok: Berserk           |     1 |     2 |     6 |     2 ||    11
       Trog's Hand       |       |       |     1 |     1 ||     2
 Abil: Spit Poison       |    21 |    17 |    33 |    12 ||    83
Evoke: Wand              |       |       |     4 |       ||     4
  Use: Scroll            |     1 |       |       |     5 ||     6
       Potion            |       |       |       |     1 ||     1
 Stab: Sleeping          |       |     2 |     4 |     5 ||    11
Armor: Animal skin       |    27 |    39 |    24 |       ||    90
       Scale mail        |       |       |    65 |       ||    65
       Ring mail         |       |       |    91 |       ||    91
       Acid dragon scale |       |       |       |    41 ||    41
       Troll leather arm |       |       |       |    10 ||    10
Dodge: Dodged            |    38 |    42 |   105 |    37 ||   222

Table legend: (Time is in decaauts)
 A = Elapsed time spent in this place.
 B = Non-inter-level travel time spent in this place.
 C = Inter-level travel time spent in this place.
 D = Time resting spent in this place.
 E = Time spent auto-exploring this place.
 F = Levels seen in this place.
 G = Mean time per level.
                   A        B        C        D        E       F      G
               +--------+--------+--------+--------+--------+-----+--------+
         Total |   8043 |   7779 |    264 |     17 |   2560 |   8 | 1005.4 |
       Dungeon |   8043 |   7779 |    264 |     17 |   2560 |   8 | 1005.4 |
               +--------+--------+--------+--------+--------+-----+--------+

Top non-repeatable levels by time:
     D:4: 1423 daAuts
     D:7: 1208 daAuts
     D:8: 1178 daAuts
     D:2: 1015 daAuts
     D:5: 980 daAuts
     D:1: 853 daAuts
     D:6: 698 daAuts
     D:3: 685 daAuts
